 Dungeon Crawl Stone Soup version 0.27.1-3-gb3d3a73c9e (webtiles) character file.

Game seed: 13186196631484470781

56 Descartes the Skirmisher (level 3, -1/20 HPs)
             Began as a Felid Wanderer on Oct 8, 2021.
             Slain by Terence (13 damage)
             ... on level 2 of the Dungeon.
             The game lasted 00:01:59 (1799 turns).

Descartes the Skirmisher (Felid Wanderer)           Turns: 1799, Time: 00:02:00

Health: -1/20      AC:  1    Str:  6    XL:     3   Next: 69%
Magic:  4/4        EV: 17    Int: 17    God:
Gold:   82         SH:  0    Dex: 14    Spells: 2/2 levels left
                                        Lives:  0   Deaths: 0

rFire    . . .     SeeInvis +     - Unarmed
rCold    . . .     Faith    .   (shield unavailable)
rNeg     . . .     Spirit   .   (armour unavailable)
rPois    .         Reflect  .   (helmet unavailable)
rElec    .         Harm     .   (cloak unavailable)
rCorr    .         Rampage  .   (gloves unavailable)
Will     .....                  (boots unavailable)
Stlth    +++.......             e - amulet of magic regeneration
HPRegen  0.06/turn              (no ring)
MPRegen  0.34/turn              (no ring)

@: quick
A: very small, claws 1, fangs 3, see invisible, speed 1, shaggy fur 1, stealthy
paws, no weapons or thrown items, no armour, multi-lived
a: no special abilities


You were on level 2 of the Dungeon.
You visited 1 branch of the dungeon, and saw 2 of its levels.

You collected 82 gold pieces.

Inventory:

Missiles
 g - 17 stones
Jewellery
 e - an amulet of magic regeneration (around neck)
Scrolls
 a - a scroll of blinking
 b - a scroll of fear
 c - 2 scrolls of teleportation
 f - a scroll of brand weapon {unknown}
Potions
 d - a potion of attraction {unknown}


   Skills:
 - Level 6.0 Fighting
 + Level 2.4 Dodging
 + Level 4.0 Stealth
 + Level 2.8 Unarmed Combat


You had 2 spell levels left.
You didn't know any spells.
Your spell library was empty.

Dungeon Overview and Level Annotations

Branches:
Dungeon (2/15)

Altars:

Annotations:
D:2 Terence


Innate Abilities, Weirdness & Mutations

You have sharp claws.
You have razor-sharp teeth.
You have supernaturally acute eyesight. (SInv)
You cover ground quickly. (Speed+)
You are covered in fur. (AC +1)
Your paws help you pounce on unaware monsters.
You are incapable of wielding weapons or throwing items.
You cannot wear armour.
You gain extra lives every three experience levels.


Message History

Things that are here:
a +0 club; a goblin corpse
Things that are here:
a +0 dagger; 13 gold pieces The hobgoblin shouts!
A dart slug comes into view.
A bat comes into view.
You scratch the hobgoblin.
The hobgoblin is severely wounded.
The hobgoblin completely misses you.
You scratch the hobgoblin.
You kill the hobgoblin!
Terence the Incautious comes into view.
He is wielding a +0 flail.
Your Stealth skill increases to level 4!
You barely miss the bat. The bat misses you. x2
You scratch the bat.
You kill the bat!
The dart slug bites you.
Things that are here:
a bat corpse; a hobgoblin corpse You scratch the dart slug.
The dart slug is heavily wounded.
The dart slug completely misses you.
You scratch the dart slug but do no damage.
The dart slug is heavily wounded.
You scratch the dart slug.
The dart slug is severely wounded.
The dart slug misses you.
You scratch the dart slug.
The dart slug is almost dead.
Terence misses you.
You scratch the dart slug.
You kill the dart slug!
Terence hits you with a +0 flail.
You barely miss Terence. Terence barely misses you.
You scratch Terence.
Terence is lightly wounded.
Terence hits you with a +0 flail!
Ouch! That really hurt!
You die...

...# #####............#
#.###.................#
..##).#####...........#
.###.######)......######
..............##....#...
..............##......##
........................
........................
................@.......
................@†......
.........#.......)......
..#.###.###.#...........
#.#.. ..##..#...........
#....# ...#............
...... .# #.#......#...
#.#.#........


You could see Terence.

Vanquished Creatures
  2 adders (D:2)
  2 dart slugs
  An endoplasm (D:1)
  A giant cockroach (D:2)
  7 goblins
  3 hobgoblins
  A jackal (D:1)
  A quokka (D:2)
  3 ball pythons
  4 bats
  3 frilled lizards
  3 kobolds
  2 rats
33 creatures vanquished.

Vanquished Creatures (others)
  3 plants (D:1)
3 creatures vanquished.

Grand Total: 36 creatures vanquished

Notes
Turn   | Place    | Note
-------+----------+-------------------------------------------
     0 | D:1      | Descartes the Felid Wanderer began the quest for the Orb.
     0 | D:1      | Descartes set off with the following items: a scroll of
                  | blinking, a scroll of fear, 2 scrolls of teleportation
     0 | D:1      | Reached XP level 1. HP: 13/13 MP: 2/2
   350 | D:1      | Reached skill level 1 in Dodging
   435 | D:1      | Reached XP level 2. HP: 15/16 MP: 3/3
   471 | D:1      | Found a faded altar of an unknown god.
  1087 | D:2      | Reached XP level 3. HP: 16/20 MP: 4/4
  1789 | D:2      | Noticed Terence
  1799 | D:2      | Slain by Terence

Illustrated notes

Levels and vault maps discovered:
D:1:      psy_arrival_fountain, layout_loops_ring,
          chequers_ecumenical_altar_simple, minmay_hexomino_f4
D:2:      layout_rooms, uniq_terence

Skill      XL: |  1  2  3 |
---------------+----------+-----
Stealth        | 3 4 |  4.0
Dodging        | 1 2 |  2.4
Fighting       | |  6.0
Unarmed Combat | |  2.8

Action                   || total
-------------------------++-------
Melee: Unarmed           ||    97
       Bite              ||     7
 Stab: Sleeping          ||     5
Armor: Skin              ||     8
Dodge: Dodged            ||    74
